 Dungeon Crawl Stone Soup version 0.30.0-20-g3615ddf2f0 (webtiles) character file.

Game seed: 16468301983606783463

501 qw the Chopper (level 7, 0/44 HPs)
             Began as a Gargoyle Fighter on May 31, 2023.
             Slain by Blork the orc
             ... wielding a +0 long sword
              (6 damage)
             ... on level 4 of the Dungeon.
             The game lasted 00:01:12 (2285 turns).

qw the Chopper (Gargoyle Fighter)                   Turns: 2285, Time: 00:01:12

Health: 0/44       AC: 12    Str: 21    XL:     7   Next: 17%
Magic:  7/7        EV: 10    Int:  7    God:
Gold:   144        SH:  4    Dex: 13    Spells: 6/6 levels left

rFire   . . .        Y - +0 war axe
rCold   . . .        c - +0 buckler
rNeg    + . .        b - +0 scale mail
rPois   inf          (no helmet)
rElec   +            (no cloak)
rCorr   .            (no gloves)
SInv    .            n - +0 pair of boots
Will    .....        (no amulet) Stlth
                     (no ring)
HPRegen 0.27/turn    (no ring)
MPRegen 0.10/turn

%: no passive effects
@: no status effects
A: sickness immunity, AC +4, negative energy resistance 1, electricity
resistance, torment resistance 1, petrification resistance, agile 1
a: no special abilities


You were on level 4 of the Dungeon.
You visited 1 branch of the dungeon, and saw 4 of its levels.

You collected 144 gold pieces.


Innate Abilities, Weirdness & Mutations

You are immune to sickness and miasma.
Your stone body is resilient. (AC +4)
You are immune to poison.
You resist negative energy. (rN+)
You are resistant to electric shocks. (rElec)
You are resistant to unholy torment.
You are immune to petrification.
You are agile. (Dex +4, Str/Int -1)


   Skills:
 - Level 4.3 Fighting
 + Level 6.0 Axes
 - Level 1.0 Throwing
 - Level 3.2 Armour
 - Level 1.3 Dodging
 - Level 3.2 Shields


You had 6 spell levels left.
You didn't know any spells.
Your spell library was empty.

Inventory:

Hand Weapons
 o - the +1 mace "Gumut" {elec, Drain rElec Str+3}
   (You found it on level 2 of the Dungeon)

   Str:       It affects your strength (+3).
   rElec:     It insulates you from electricity.
   Drain:     It drains your maximum health when unequipped.
 Y - a +0 war axe (weapon)
Missiles
 a - a boomerang
 e - 4 javelins (quivered)
Armour
 b - a +0 scale mail (worn)
 c - a +0 buckler (worn)
 n - a +0 pair of boots (worn)
Scrolls
 j - a scroll of identify
Potions
 d - a potion of might
 f - a potion of attraction
 g - a potion of invisibility {unknown}
 h - a potion of magic {unknown}
 k - a potion of haste {unknown}
 m - 3 potions of brilliance {unknown}

Dungeon Overview and Level Annotations

Branches:
Dungeon (3/15)

Altars:

Annotations:
D:4 Blork the orc


Message History

You slash Blork the orc!
Blork the orc is severely wounded.
You block Blork the orc's attack.
Blork the orc drinks a potion.
Blork the orc is healed!
You completely miss Blork the orc.
Blork the orc is heavily wounded.
Blork the orc points at you and mumbles some strange words.
The puff of frost hits you. Blork the orc closely misses you.
You hit Blork the orc.
Blork the orc is heavily wounded.
Blork the orc casts a spell at you.
The puff of frost hits you but does no damage.
You hit Blork the orc.
Blork the orc is heavily wounded.
Blork the orc casts a cantrip, but nothing happens.
Blork the orc hits you with a +0 long sword.
You hit Blork the orc but do no damage.
Blork the orc is heavily wounded.
You block Blork the orc's attack. Blork the orc barely misses you.
You hit Blork the orc.
Blork the orc is severely wounded.
Blork the orc hits you but does no damage.
Blork the orc points at you and mumbles some strange words.
The magic dart hits you but does no damage.
You hit Blork the orc but do no damage.
Blork the orc is severely wounded.
Blork the orc hits you with a +0 long sword. x2
You hit Blork the orc but do no damage.
Blork the orc is severely wounded.
Blork the orc gestures at you while chanting.
The puff of frost hits you but does no damage.
Blork the orc hits you with a +0 long sword.
You closely miss Blork the orc.
Blork the orc is severely wounded.
You block Blork the orc's attack.
Blork the orc hits you with a +0 long sword.
You barely miss Blork the orc.
Blork the orc is severely wounded.
Blork the orc hits you with a +0 long sword.
You die...

.#...#..#.#...... #.........#
.#...........###..#.#..####.#
...........>.# #.......#
....#.....#..######.........#
....#.....#.........#..###...
................$%..........#
.#.. .#...........[#######. #
..........#####
.#...(.@.......
.......o.......
.##.............
..........####.# ...........
. ..#......... .............
......<.#####


You could see Blork the orc (fast).

Vanquished Creatures
  Grinder (D:3)
  A bullfrog (D:4)
  A scorpion (D:4)
  A sleepcap (D:4)
  Jessica (D:3)
  5 adders (D:2)
  An ufetubus (D:4)
  2 worms (D:2)
  2 dart slugs
  An orc (D:3)
  9 endoplasms
  2 giant cockroaches
  9 goblins
  9 hobgoblins
  A quokka (D:1)
  3 ball pythons (D:1)
  4 bats
  5 frilled lizards
  5 kobolds
  3 rats (D:1)
66 creatures vanquished.

Notes
Turn   | Place    | Note
-------+----------+-------------------------------------------
     0 | D:1      | qw the Gargoyle Fighter began the quest for the Orb.
     0 | D:1      | Reached XP level 1. HP: 14/14 MP: 1/1
     0 | D:1      | 0 ||| qw: Version: 0.2-a-102-gfc559e5
     0 | D:1      | 0 ||| qw: Game counter: 577
     0 | D:1      | 0 ||| qw: Always use a shield: true
     0 | D:1      | 0 ||| qw: God list: Okawaru
     0 | D:1      | 0 ||| qw: Allow faded altars: false
     0 | D:1      | 0 ||| qw: Do Orc after D:15 true
     0 | D:1      | 0 ||| qw: Do second Lair branch before Depths: true
     0 | D:1      | 0 ||| qw: Lair rune preference: random
     0 | D:1      | 0 ||| qw: Plans: Normal, Zot:1-4, Slime:5, God:TSO, Crypt,
                  | Tomb, Pan, Hells, Abyss, Win
     0 | D:1      | 0 ||| PLANNING D:1-11
    36 | D:1      | Reached skill level 2 in Axes
   302 | D:1      | Reached XP level 2. HP: 19/19 MP: 2/2
   467 | D:1      | 467 ||| FLEEEEING.
   468 | D:1      | 468 ||| FLEEEEING.
   576 | D:1      | 576 ||| Stepping ~*~*~tactically~*~*~ (stealth).
   582 | D:1      | 582 ||| Stepping ~*~*~tactically~*~*~ (hiding).
   587 | D:1      | Reached skill level 3 in Axes
   593 | D:1      | Reached XP level 3. HP: 19/23 MP: 3/3
   884 | D:1      | 884 ||| UPGRADING to +0 pair of boots.
   889 | D:1      | 889 ||| READING scroll labelled LITHRY ZALAUT.
   890 | D:1      | 890 ||| READING scroll labelled QURCHA FUIPT.
   891 | D:1      | 891 ||| READING scroll labelled MINECA OGIONN.
   892 | D:1      | 892 ||| DRINKING 2 smoky green potions.
   893 | D:1      | 893 ||| DROPPING potion of flight.
   914 | D:2      | 914 ||| Stepping ~*~*~tactically~*~*~ (hiding).
   916 | D:2      | 916 ||| Stepping ~*~*~tactically~*~*~ (hiding).
   917 | D:2      | 917 ||| Stepping ~*~*~tactically~*~*~ (hiding).
   964 | D:2      | 964 ||| Stepping ~*~*~tactically~*~*~ (stealth).
   971 | D:2      | 971 ||| DROPPING +0 club.
  1026 | D:2      | 1026 ||| Stepping ~*~*~tactically~*~*~ (stealth).
  1042 | D:2      | Reached XP level 4. HP: 26/28 MP: 4/4
  1292 | D:2      | 1292 ||| Stepping ~*~*~tactically~*~*~ (stealth).
  1294 | D:2      | 1294 ||| Stepping ~*~*~tactically~*~*~ (hiding).
  1311 | D:2      | Reached skill level 1 in Throwing
  1500 | D:2      | Reached skill level 4 in Axes
  1587 | D:2      | Identified the +1 mace "Gumut" {elec, Drain rElec Str+3}
  1589 | D:2      | 1589 ||| DROPPING +0 whip.
  1615 | D:2      | 1615 ||| READING scroll labelled VERPHEI ASAD.
  1616 | D:2      | 1616 ||| READING 3 scrolls labelled HONEOPT OGETTOV.
  1617 | D:2      | 1617 ||| DRINKING 2 metallic coppery potions.
  1617 | D:2      | Gained mutation: You have a pair of small antennae on your
                  | head. [potion of mutation]
  1617 | D:2      | Gained mutation: You are clumsy. (Dex -2) [potion of
                  | mutation]
  1617 | D:2      | Gained mutation: You are vulnerable to cold. (rC-) [potion
                  | of mutation]
  1618 | D:2      | 1618 ||| DRINKING potion of mutation.
  1618 | D:2      | Lost mutation: You are clumsy. (Dex -2) [potion of
                  | mutation]
  1618 | D:2      | Lost mutation: You have a pair of small antennae on your
                  | head. [potion of mutation]
  1618 | D:2      | Lost mutation: You are vulnerable to cold. (rC-) [potion of
                  | mutation]
  1618 | D:2      | Gained mutation: You are agile. (Dex +4, Str/Int -1)
                  | [potion of mutation]
  1619 | D:2      | 1619 ||| READING 2 scrolls of identify.
  1619 | D:2      | 1619 ||| IDENTIFYING white potion
  1637 | D:3      | 1637 ||| Stepping ~*~*~tactically~*~*~ (hiding).
  1642 | D:3      | 1642 ||| Stepping ~*~*~tactically~*~*~ (hiding).
  1931 | D:3      | 1931 ||| Stepping ~*~*~tactically~*~*~ (stealth).
  1957 | D:3      | Noticed Jessica
  1960 | D:3      | 1960 ||| Stepping ~*~*~tactically~*~*~ (hiding).
  1971 | D:3      | Killed Jessica
  1972 | D:3      | Reached skill level 1 in Dodging
  1972 | D:3      | Reached XP level 5. HP: 32/32 MP: 5/5
  1984 | D:3      | Noticed Grinder
  1987 | D:3      | Paralysed by Grinder for 3 turns
  1994 | D:3      | Paralysed by Grinder for 4 turns
  2003 | D:3      | Killed Grinder
  2004 | D:3      | Reached skill level 5 in Axes
  2004 | D:3      | Reached XP level 6. HP: 12/37 MP: 6/6
  2110 | D:3      | You fall into a shaft and drop 1 floor!
  2112 | D:4      | 2112 ||| PLANNING OSSUARY
  2115 | D:4      | Identified the +5 quarterstaff of the Sea {pain, rF+ Str+3
                  | Dex-3}
  2211 | D:4      | 2211 ||| Stepping ~*~*~tactically~*~*~ (stealth).
  2218 | D:4      | Reached XP level 7. HP: 42/44 MP: 7/7
  2225 | D:4      | Reached skill level 6 in Axes
  2269 | D:4      | Noticed Blork the orc
  2284 | D:4      | HP: 6/44 [Blork the orc/+0 long sword (6)]
  2285 | D:4      | Slain by Blork the orc

Levels and vault maps discovered:
D:1:      zelgadis_glass_arrival_small, layout_basic
D:2:      wander_river, layout_loops_cross
D:3:      minmay_evil_eye, layout_basic, mainiacjoe_overflow_six_doors_small,
          minmay_fractal_squares_5, uniq_grinder, uniq_jessica
D:4:      cheibrodos_helix_gallery, layout_basic, lemuel_tele_altar,
          enter_ossuary_4, uniq_blork_the_orc

Skill      XL: |  1  2  3  4  5  6  7 |
---------------+----------------------+-----
Axes           | 2 3 4 5 6 |  6.0
Throwing       | 1 |  1.0
Dodging        | 1 |  1.3
Fighting       | 4 |  4.3
Armour         | |  3.2
Shields        | |  3.2

Action                     |  1- 3 |  4- 6 |  7- 9 || total
---------------------------+-------+-------+-------++-------
  Melee: War axe           |    82 |    70 |    20 ||   172
  Throw: Javelin           |     3 |    24 |     2 ||    29
    Use: Scroll            |     3 |     3 |       ||     6
         Potion            |     1 |     2 |       ||     3
 Armour: Scale mail        |    42 |    29 |     8 ||    79
  Dodge: Dodged            |    35 |    21 |     5 ||    61
  Block: Buckler           |    23 |    13 |     7 ||    43

Table legend:
 A = Non-vault XP
 B = Vault XP
 C = Vault XP percentage of total XP
 D = Non-vault monster count
 E = Vault monster count
 F = Vault count percentage of total count
                 A         B        C        D         E       F
            +---------+---------+-------+---------+---------+-------
      Total |     372 |     345 |  48.1 |      56 |      10 |  15.2
            +---------+---------+-------+---------+---------+-------
        D:1 |      36 |       0 |   0.0 |      22 |       0 |   0.0
        D:2 |     108 |       0 |   0.0 |      25 |       0 |   0.0
        D:3 |       7 |     345 |  98.0 |       4 |      10 |  71.4
        D:4 |     221 |       0 |   0.0 |       5 |       0 |   0.0
            +---------+---------+-------+---------+---------+-------
